[Event "Team 45 45 League T64"]
[Site "Internet Chess Club"]
[Date "2015.04.09"]
[Round "6"]
[White "Portola"]
[Black "Nathan-L"]
[Result "1/2-1/2"]
[WhiteElo "1711"]
[BlackElo "1796"]
[Opening "Queen's pawn game"]
[ECO "A45"]
[Time "19:01:08"]
[TimeControl "2700+45"]

1. d4 Nf6 2. c3 d5 3. Nf3 e6 4. Bf4 c5 5. e3 Nc6 6. a4 cxd4 7. exd4 Bd6 8. Bg3
O-O 9. Bd3 Re8 10. O-O e5 11. dxe5 Nxe5 12. Nxe5 Bxe5 13. Nd2 Bg4 14. Qc2 Qc7
15. Rfe1 Bxg3 16. hxg3 a6 17. Nb3 h6 18. Nd4 Qb6 19. Qd2 Bd7 20. a5 Qc5 21. Qf4
Rxe1+ 22. Rxe1 Qxa5 23. Nf3 Qb6 24. Bf5 Bxf5 25. Qxf5 Qd6 26. Re5 Rd8 27. g4 Qd7
28. Qd3 Qxg4 29. Re7 Rd7 30. Ne5 Rxe7 31. Nxg4 Nxg4 32. g3 Nf6 {Game drawn by
mutual agreement} 1/2-1/2

[Event "Team 45 45 League T64"]
[Site "Internet Chess Club"]
[Date "2015.04.12"]
[Round "6"]
[White "zap2"]
[Black "Chesscat9"]
[Result "1-0"]
[WhiteElo "1767"]
[BlackElo "1647"]
[Opening "Benko's opening"]
[ECO "A00"]
[Time "05:06:32"]
[TimeControl "2700+45"]

1. g3 Nf6 2. Bg2 g6 3. d4 Bg7 4. e4 d6 5. Ne2 O-O 6. O-O Nc6 7. h3 e5 8. Be3 Bd7
9. Qd2 Qc8 10. Kh2 Re8 11. d5 Ne7 12. c4 Nh5 13. Rc1 f5 14. c5 dxc5 15. Bxc5 Qd8
16. Nbc3 Nf6 17. Rab1 fxe4 18. Bxe7 Qxe7 19. Nxe4 Nxe4 20. Bxe4 Bf5 21. Nc3 Bxe4
22. Nxe4 Rad8 23. Qa5 Rd7 24. Rxc7 {Black resigns} 1-0

[Event "Team 45 45 League T64"]
[Site "Internet Chess Club"]
[Date "2015.04.09"]
[Round "6"]
[White "sohamjoshi"]
[Black "hondocando"]
[Result "0-1"]
[WhiteElo "1554"]
[BlackElo "1598"]
[Opening "Trompowsky attack (Ruth, Opocenský opening)"]
[ECO "A45"]
[Time "20:01:23"]
[TimeControl "2700+45"]

1. d4 Nf6 2. Bg5 Ne4 3. Bf4 c5 4. d5 Qb6 5. Nc3 Nxc3 6. bxc3 g6 7. Rb1 Qa5 8.
Rb3 c4 9. Rb4 Bg7 10. Qd2 Na6 11. Rxc4 Qxa2 12. e4 b5 13. Rd4 Nc5 14. e5 O-O 15.
Be2 d6 16. Rb4 Bf5 17. Nf3 Ne4 18. Qe3 Qa1+ 19. Qc1 Qxc1+ 20. Bxc1 Nxc3 21. Bxb5
Nxb5 22. Rxb5 Bxc2 23. exd6 exd6 24. Rb7 Bc3+ 25. Nd2 Rfe8+ 26. Kf1 Bd3+ 27. Kg1
Re1+ 28. Nf1 Rxf1# {White checkmated} 0-1

[Event "Team 45 45 League T64"]
[Site "Internet Chess Club"]
[Date "2015.04.12"]
[Round "6"]
[White "Chesslov"]
[Black "rubo"]
[Result "1-0"]
[WhiteElo "1572"]
[BlackElo "1676"]
[Opening "Caro-Kann: exchange variation"]
[ECO "B13"]
[Time "20:02:06"]
[TimeControl "2700+45"]

1. e4 c6 2. d4 d5 3. exd5 cxd5 4. Nc3 Bf5 5. Nf3 Nf6 6. Ne5 Nc6 7. Bb5 Rc8 8.
Bg5 e6 9. Qe2 Be7 10. Nxc6 bxc6 11. Bd3 Bxd3 12. Qxd3 O-O 13. O-O Qc7 14. Bh4
Ng4 15. Bg3 Bd6 16. Qf3 Nxh2 17. Kxh2 c5 18. dxc5 Qxc5 19. Bxd6 Qxd6+ 20. g3 Qb4
21. Rab1 d4 22. a3 Qb6 23. Ne4 Rxc2 24. b4 Rfc8 25. Nc5 Rc3 26. Qe4 Rxa3 27.
Qxd4 Rd8 28. Qb2 Rf3 29. Rbd1 Rd5 30. Rxd5 exd5 31. Qd4 Qc6 32. Kg2 Rf6 33. Re1
h6 34. Re5 Rd6 35. Re7 a6 36. Ra7 Qc8 37. Qd3 d4 38. Qc4 Qf5 39. Qd3 Qd5+ 40.
Kg1 g6 41. Rxa6 Rxa6 42. Qxa6 Kg7 43. Qd3 f5 44. Nb3 Kf7 45. Nxd4 Qa2 46. Qb3+
Qxb3 47. Nxb3 Ke7 48. b5 Kd6 49. Nd4 Kc5 50. f3 h5 51. Kh2 g5 52. Kh3 Kb6 53. g4
hxg4+ 54. fxg4 fxg4+ 55. Kxg4 Kc5 56. Kxg5 Kb6 57. Kf5 Ka5 58. Ke5 Kb6 59. Kd6
Kb7 60. Kc5 Kc7 61. b6+ Kb7 62. Nc6 Ka6 63. Nb4+ Kb7 64. Kb5 Kb8 65. Ka6 Ka8 66.
b7+ Kb8 67. Nc6+ {Black resigns} 1-0

[Event "Team 45 45 League T64"]
[Site "Internet Chess Club"]
[Date "2015.04.12"]
[Round "6"]
[White "justice02"]
[Black "Timotheous"]
[Result "1/2-1/2"]
[WhiteElo "1666"]
[BlackElo "1807"]
[Opening "Sicilian defense"]
[ECO "B30"]
[Time "11:00:26"]
[TimeControl "2700+45"]

1. e4 c5 2. Nf3 Nc6 3. Nc3 g6 4. h4 Bg7 5. h5 d6 6. hxg6 hxg6 7. Rxh8 Bxh8 8.
Bb5 Bd7 9. d3 Nd4 10. Bxd7+ Qxd7 11. a4 a6 12. Nd5 Qc6 13. c3 Nxf3+ 14. gxf3 Nf6
15. Nxf6+ Bxf6 16. Qb3 e6 17. Be3 O-O-O 18. Ke2 d5 19. Rh1 c4 20. dxc4 Qxc4+ 21.
Qxc4+ dxc4 22. Rh7 Rd7 23. f4 Bd8 24. e5 b5 25. Rh8 Kb7 26. axb5 axb5 27. Rh1
Bb6 28. Rd1 Rxd1 29. Kxd1 Ba5 30. Ke2 Kc6 31. Kf3 Kd5 32. Kg4 Bd8 33. f3 Be7 34.
Bf2 Kc6 35. Bh4 Bc5 36. Bd8 Be3 37. Be7 Bc1 38. Ba3 Kd7 39. Kg5 Ke8 40. Kg4 Kd8
41. Kg5 Kd7 42. Kg4 Be3 43. Kg5 Ke8 44. Kg4 Bb6 45. Bb4 Bd8 46. Bc5 Ba5 47. Kg5
Bd8+ 48. Kg4 Kd7 49. Kg3 Kc6 50. Be3 Ba5 51. Kf2 b4 52. Bd4 bxc3 53. bxc3 Kb5
54. Kg3 Ka4 55. Kg4 Kb3 56. Kg5 Bxc3 57. Be3 Kc2 58. Kf6 Bd2 59. Bd4 Kd3 60. Bb2
Bxf4 61. Kxf7 c3 62. Bxc3 Kxc3 63. Kxe6 Kd4 64. Kf6 Bxe5+ 65. Kxg6 Ke3 {Game
drawn by mutual agreement} 1/2-1/2

[Event "Team 45 45 League T64"]
[Site "Internet Chess Club"]
[Date "2015.04.12"]
[Round "6"]
[White "RamRock"]
[Black "zepled37"]
[Result "0-1"]
[WhiteElo "1701"]
[BlackElo "1761"]
[Opening "Sicilian defense"]
[ECO "B20"]
[Time "18:38:20"]
[TimeControl "2700+45"]

1. e4 c5 2. d3 Nc6 3. g3 g6 4. Bg2 Bg7 5. f4 d6 6. Nf3 e6 7. O-O Nge7 8. Nbd2
O-O 9. Nc4 b5 10. Ne3 Rb8 11. c3 Qc7 12. Bd2 Bd7 13. Qc2 b4 14. Rfc1 bxc3 15.
Bxc3 Bxc3 16. Qxc3 Rfc8 17. Ng4 e5 18. Nf6+ Kg7 19. fxe5 dxe5 20. Nxd7 Qxd7 21.
Nxe5 Nxe5 22. Qxe5+ f6 23. Qc3 Qb5 24. e5 Rb6 25. exf6+ Rxf6 26. Rf1 Nf5 27. Rf4
Nd4 28. Rxd4 cxd4 29. Qxc8 Qxd3 30. Qb7+ Rf7 31. Qe4 Qd2 32. Rf1 Rxf1+ 33. Bxf1
Qxb2 34. Qe5+ Kh6 35. g4 Qd2 36. g5+ Qxg5+ 37. Qxg5+ Kxg5 38. Kf2 Kf4 39. Ke2 g5
40. Bg2 g4 41. Bc6 h5 42. Kd3 Ke5 43. Be8 h4 44. Bh5 Kf4 45. Kxd4 g3 46. hxg3+
hxg3 47. Bf7 g2 48. Bb3 g1=Q+ 49. Kc4 Ke5 50. a4 Qd4+ 51. Kb5 Qb6+ 52. Kc4 a5
53. Bc2 Qd4+ 54. Kb3 Kd5 55. Ka3 Kc5 56. Ka2 Kb4 57. Kb1 Kc3 58. Bh7 Qxa4 {White
resigns} 0-1

[Event "Team 45 45 League T64"]
[Site "Internet Chess Club"]
[Date "2015.04.12"]
[Round "6"]
[White "Grenadier"]
[Black "OGO"]
[Result "1-0"]
[WhiteElo "1572"]
[BlackElo "1558"]
[Opening "Bishop's opening"]
[ECO "C23"]
[Time "21:30:26"]
[TimeControl "2700+45"]

1. e4 e5 2. Bc4 d6 3. d3 Nf6 4. Nc3 Be7 5. f4 Nbd7 6. Nf3 b6 7. Nd5 h6 8. Qe2
Bb7 9. Nxe7 Qxe7 10. fxe5 Nxe5 11. Nxe5 Qxe5 12. O-O O-O-O 13. Bxf7 d5 14. Bg6
dxe4 15. c3 Qc5+ 16. d4 Qe7 17. Bf4 Kb8 18. Be5 Rhf8 19. Rae1 Nd7 20. Bg3 Rxf1+
21. Rxf1 Qg5 22. Bf5 g6 23. Be6 Qe7 24. Qc4 Nf8 25. Rf7 {Black resigns} 1-0

[Event "Team 45 45 League T64"]
[Site "Internet Chess Club"]
[Date "2015.04.09"]
[Round "6"]
[White "cnpatton"]
[Black "GoIrish"]
[Result "0-1"]
[WhiteElo "1367"]
[BlackElo "1602"]
[Opening "Blackmar gambit"]
[ECO "B01"]
[Time "21:00:36"]
[TimeControl "2700+45"]

1. e4 d5 2. d4 dxe4 3. Nc3 Nf6 4. Bg5 h6 5. Bxf6 exf6 6. Nxe4 f5 7. Nc3 Bb4 8.
Bc4 O-O 9. a3 Ba5 10. b4 Bb6 11. Nge2 Nc6 12. d5 Ne5 13. Bb3 Ng4 14. O-O Qh4 15.
h3 Nxf2 16. Qe1 Nd3+ {White resigns} 0-1

[Event "Team 45 45 League T64"]
[Site "Internet Chess Club"]
[Date "2015.04.10"]
[Round "6"]
[White "bmw2002"]
[Black "Littlemon"]
[Result "0-1"]
[WhiteElo "1504"]
[BlackElo "1527"]
[Opening "English: Caro-Kann defensive system"]
[ECO "A11"]
[Time "19:00:34"]
[TimeControl "2700+45"]

1. c4 c6 2. g3 Nf6 3. Bg2 d5 4. cxd5 cxd5 5. Nf3 Nc6 6. d4 Bf5 7. O-O e6 8. Nc3
Bd6 9. Nb5 Be7 10. a3 a6 11. Nc3 O-O 12. Nh4 Be4 13. Nxe4 Nxe4 14. Nf3 f5 15.
Nd2 Bf6 16. Nxe4 fxe4 17. e3 Ne7 18. Bd2 Rc8 19. Qb3 Qd7 20. Bh3 Nf5 21. Rac1
Bg5 22. Rc2 Rxc2 23. Qxc2 Rc8 24. Bc3 Qb5 25. Rc1 Qc6 26. Qd1 g6 27. Bd2 Qd7 28.
Rc3 Kf7 29. Rb3 Nd6 30. Rb6 Rc6 31. Rb4 Be7 32. Rb3 Nc4 33. Bb4 Bxb4 34. Rxb4
Qc7 35. Rb3 Nxe3 36. Qe2 Rc1+ 37. Bf1 Rxf1+ 38. Qxf1 Nxf1 {White resigns} 0-1

[Event "Team 45 45 League T64"]
[Site "Internet Chess Club"]
[Date "2015.04.12"]
[Round "6"]
[White "scarycell"]
[Black "Mitochondria"]
[Result "0-1"]
[WhiteElo "1300"]
[BlackElo "1540"]
[Opening "French: exchange, Svenonius variation"]
[ECO "C01"]
[Time "20:04:46"]
[TimeControl "2700+45"]

1. e4 e6 2. d4 d5 3. exd5 exd5 4. Nc3 Nf6 5. Bg5 Bb4 6. Nf3 Bxc3+ 7. bxc3 O-O 8.
Be2 Bg4 9. O-O Nbd7 10. Ne5 Bxe2 11. Qxe2 Re8 12. f4 Qc8 13. Qf3 Ne4 14. Rad1 f6
15. Nxd7 Qxd7 16. Bh4 Qa4 17. g4 Qxc2 18. g5 f5 {White resigns} 0-1

[Event "Team 45 45 League T64"]
[Site "Internet Chess Club"]
[Date "2015.04.09"]
[Round "6"]
[White "Zyme"]
[Black "AryanB"]
[Result "1-0"]
[WhiteElo "1285"]
[BlackElo "1361"]
[Opening "QGD Slav defense, Alekhine variation"]
[ECO "D10"]
[Time "21:00:38"]
[TimeControl "2700+45"]

1. d4 d5 2. c4 c6 3. Nc3 dxc4 4. e4 b5 5. a4 b4 6. Na2 a5 7. Bxc4 Ba6 8. Bxa6
Rxa6 9. Nf3 Nd7 10. O-O Ngf6 11. Qe2 Rb6 12. e5 Nd5 13. e6 fxe6 14. Qxe6 N7f6
15. Ng5 Qd6 16. Qc8+ Qd8 17. Qxd8+ Kxd8 18. Nf7+ Ke8 19. Nxh8 g6 20. Re1 Bg7 21.
Nxg6 hxg6 22. Bg5 Nh7 23. Be3 Nxe3 24. fxe3 Ng5 25. Nc1 Ne4 26. Nb3 c5 27. dxc5
Rc6 28. Rac1 Bxb2 29. Rc2 Bc3 30. Rf1 Nxc5 31. Nxc5 Rxc5 32. Kf2 Be1+ 33. Rxe1
Rxc2+ 34. Kf3 b3 35. Rb1 b2 36. h4 Kf7 37. g3 Kf6 38. g4 e5 39. e4 Rc3+ 40. Ke2
Rc4 41. Rxb2 Rxe4+ 42. Kf3 Rf4+ 43. Kg3 Rxa4 44. Rb6+ Ke7 45. Rxg6 Ra3+ 46. Kg2
Kf7 47. Ra6 Ra2+ 48. Kf3 Ra3+ 49. Ke4 Ra4+ 50. Kf5 Rf4+ 51. Kg5 a4 52. Ra5 Ke6
53. h5 Rf7 54. h6 e4 55. Rxa4 Kd5 56. Kg6 Rc7 57. g5 e3 58. Ra8 Rc6+ 59. Kf5 Re6
60. Ra5+ Kd6 61. Ra6+ {Black resigns} 1-0

[Event "Team 45 45 League T64"]
[Site "Internet Chess Club"]
[Date "2015.04.09"]
[Round "6"]
[White "mindchess"]
[Black "chuckh2"]
[Result "0-1"]
[WhiteElo "1250"]
[BlackElo "1435"]
[Opening "Queen's gambit accepted"]
[ECO "D20"]
[Time "19:00:45"]
[TimeControl "2700+45"]

1. d4 d5 2. c4 dxc4 3. e3 a6 4. Bxc4 e6 5. Nc3 b5 6. Bb3 Nf6 7. Nf3 Nbd7 8. O-O
Bb7 9. Re1 c5 10. Ne2 Rc8 11. Ng3 cxd4 12. exd4 Bd6 13. Bg5 h6 14. Bxf6 Nxf6 15.
Rc1 Bc7 16. Re3 Bxg3 17. fxg3 Rxc1 18. Qxc1 O-O 19. Rd3 Be4 20. Rd2 Qa8 21. Ne5
Rc8 22. Qe1 Rc7 23. h4 Qc8 24. Kh2 Qb7 25. a3 a5 26. Re2 Bf5 27. Qxa5 Rc1 28.
Qd8+ Kh7 29. Rd2 Qe4 30. Nxf7 Ng4+ 31. Kh3 Rh1# {White checkmated} 0-1

[Event "Team 45 45 League T64"]
[Site "Internet Chess Club"]
[Date "2015.04.14"]
[Round "6"]
[White "Berke"]
[Black "stanbeers"]
[Result "0-1"]
[WhiteElo "1549"]
[BlackElo "1426"]
[Opening "Two knights defense (Modern bishop's opening)"]
[ECO "C55"]
[Time "13:00:17"]
[TimeControl "2700+45"]

1. e4 e5 2. Nf3 Nc6 3. Bc4 Nf6 4. d3 Be7 5. c3 d6 6. Nbd2 Na5 7. Bb5+ c6 8. Ba4
O-O 9. Bc2 b5 10. Nf1 Qc7 11. Ne3 Be6 12. O-O a6 13. Ng5 Bd7 14. Nf5 Bxf5 15.
exf5 h6 16. Ne4 d5 17. Ng3 Nb7 18. f4 Bd6 19. fxe5 Bxe5 20. Rf3 Rfe8 21. d4 Bd6
22. Qf1 c5 23. Be3 cxd4 24. Bxd4 Be5 25. Rd1 Bxd4+ 26. Rxd4 Nc5 27. Qb1 Re5 28.
b4 Ncd7 29. Bb3 Nb6 30. Qd3 Rae8 31. Nf1 Qe7 32. g3 Re1 33. h3 Re5 34. Qd2 Qb7
35. Re3 Rxf5 36. Rxe8+ Nxe8 37. Ne3 Rf3 38. Kg2 Rf6 39. Ng4 Nc4 40. Qe2 Re6 41.
Qf3 Qe7 42. Bxc4 dxc4 43. Nf2 Nf6 44. Qa8+ Kh7 45. Qf3 Re3 46. Qf5+ g6 47. Qc2
Re2 48. Rd2 Qb7+ 49. Kh2 Rxd2 50. Qxd2 Qf3 51. Qf4 Qxf4 52. gxf4 Nh5 53. Ne4
Nxf4 54. Nc5 Nd5 55. Nxa6 Nxc3 56. Nc7 Nxa2 57. Nxb5 Nxb4 58. Nc3 f5 {White
resigns} 0-1

[Event "Team 45 45 League T64"]
[Site "Internet Chess Club"]
[Date "2015.04.11"]
[Round "6"]
[White "dabodhi"]
[Black "MateIn42"]
[Result "0-1"]
[WhiteElo "1354"]
[BlackElo "1386"]
[Opening "Scotch gambit"]
[ECO "C44"]
[Time "14:02:22"]
[TimeControl "2700+45"]

1. e4 e5 2. Nf3 Nc6 3. d4 exd4 4. Bc4 Bb4+ 5. c3 dxc3 6. bxc3 Bc5 7. Bxf7+ Kxf7
8. Qd5+ Ke8 9. Qxc5 d6 10. Qb5 Nf6 11. Nbd2 Ke7 12. Qg5 Kf7 13. O-O Re8 14. Qf4
Kg8 15. Re1 Bg4 16. h3 Bxf3 17. Nxf3 Qe7 18. Ng5 Ne5 19. Qg3 Ng6 20. Qd3 h6 21.
Nf3 Ne5 22. Nxe5 dxe5 23. Qc4+ Kh7 24. a4 c6 25. Ba3 Qe6 26. Qxe6 Rxe6 27. Rad1
Nh5 28. g3 Rf6 29. Rd7 Rf3 30. Bb2 Raf8 31. Rf1 Nxg3 32. Rd2 Nxf1 33. Kxf1 Rxh3
34. c4 Re3 35. Bxe5 Rxe4 36. Bg3 Rxc4 37. Rd7 Rg4 38. Ke2 Rxa4 39. Rxb7 Ra2+ 40.
Kf1 a5 41. Rc7 Rf6 42. Bh4 Rf4 43. Bg3 Rc4 44. Be5 Rg4 45. Rxc6 Rg6 46. Rc7 a4
47. Ra7 h5 48. Bd4 Rc2 49. Rxa4 Rg4 50. Ke1 Rg1# {White checkmated} 0-1

[Event "Team 45 45 League T64"]
[Site "Internet Chess Club"]
[Date "2015.04.12"]
[Round "6"]
[White "varavind"]
[Black "tamky70"]
[Result "0-1"]
[WhiteElo "1286"]
[BlackElo "1366"]
[Opening "Petrov three knights game"]
[ECO "C26"]
[Time "21:00:32"]
[TimeControl "2700+45"]

1. e4 Nf6 2. Nc3 e5 3. Nf3 d6 4. d4 Nc6 5. d5 Ne7 6. Bg5 Ng6 7. Bb5+ Bd7 8.
Bxd7+ Qxd7 9. O-O Be7 10. Nd2 Qg4 11. Qxg4 Nxg4 12. Bxe7 Kxe7 13. g3 a6 14. f4
exf4 15. gxf4 f6 16. Rf3 Rag8 17. Raf1 Rf8 18. a4 Nh6 19. b4 f5 20. a5 Rf7 21.
exf5 Nxf5 22. Nb3 Nfh4 23. Re3+ Kd7 24. Re4 Re8 25. Rxe8 Kxe8 26. b5 Rxf4 27.
Rxf4 Nxf4 28. bxa6 bxa6 29. Nd4 g6 30. Nc6 Nf3+ 31. Kf2 Ne5 32. Nb8 Kd8 33. Nxa6
Nh3+ 34. Ke3 Kc8 35. Nb4 Nc4+ 36. Kd4 Nxa5 37. Nc6 Nxc6+ 38. dxc6 Ng5 39. Kc4
Nf3 40. Kb5 Nd4+ 41. Kc4 Nxc6 42. Kd5 Kd7 43. Ne4 Nb4+ 44. Kc4 Nxc2 45. Nf6+ Kc6
46. Nxh7 Ne3+ 47. Kd3 Ng4 48. Nf8 Ne5+ 49. Kd4 g5 50. Ne6 Nf3+ 51. Kc4 Ne5+ 52.
Kd4 Nf3+ 53. Ke3 Nxh2 54. Nxg5 Ng4+ 55. Kd4 Kd7 56. Ne4 c6 57. Nc3 Ke6 58. Ne4
Nf6 59. Nxd6 Kxd6 60. Kc4 Ne4 61. Kd4 Nc5 62. Kc4 Nb7 63. Kd4 c5+ 64. Kc4 Kc6
65. Kc3 Kb5 66. Kb3 Na5+ 67. Kc3 Nc4 68. Kb3 Ne3 69. Kc3 c4 70. Kb2 Kb4 71. Kc1
Kc3 72. Kb1 Nd5 73. Kc1 Nb4 74. Kb1 Kd2 75. Kb2 c3+ 76. Kb1 c2+ 77. Kb2 Nd3+ 78.
Kb3 c1=Q 79. Ka2 Qb2# {White checkmated} 0-1

[Event "Team 45 45 League T64"]
[Site "Internet Chess Club"]
[Date "2015.04.09"]
[Round "6"]
[White "Tobiasdelmonte"]
[Black "frank001"]
[Result "1-0"]
[WhiteElo "1806"]
[BlackElo "1811"]
[Opening "Queen's pawn"]
[ECO "A40"]
[Time "23:02:05"]
[TimeControl "2700+45"]

1. d4 e6 2. Bf4 d5 3. e3 a6 4. Nf3 f5 5. Be2 Nf6 6. h3 Bd6 7. Ne5 O-O 8. Nd2
Nbd7 9. g4 Qe7 10. g5 Ne4 11. Ndf3 c5 12. g6 h6 13. c3 Nxe5 14. dxe5 Bc7 15. c4
Ba5+ 16. Kf1 Rd8 17. Qc2 d4 18. exd4 cxd4 19. Rd1 Bb6 20. Rd3 Nc5 21. Rxd4 Bd7
22. b4 Ba4 23. Rxd8+ Rxd8 24. Qb1 Ne4 25. c5 Bc7 26. Kg2 Be8 27. Rg1 Bxg6 28.
Kf1 Kh7 29. Qb3 a5 30. a3 axb4 31. axb4 b6 32. Bc4 Bh5 33. Bxe6 Bxf3 34. Bxf5+
Kh8 35. Qxf3 Nd2+ 36. Bxd2 Rxd2 37. Qa8+ Rd8 38. Qe4 bxc5 39. bxc5 Bxe5 40. c6
Qc5 41. Bd7 Rf8 42. Qe2 Bd4 43. Rg2 Ra8 44. Rg4 Qd5 45. Re4 Ra1+ 46. Kg2 Be5 47.
Qf3 Ra8 48. Qf5 {Black resigns} 1-0

[Event "Team 45 45 League T64"]
[Site "Internet Chess Club"]
[Date "2015.04.08"]
[Round "6"]
[White "Heian"]
[Black "pauliewoll"]
[Result "0-1"]
[WhiteElo "1727"]
[BlackElo "1787"]
[Opening "Sicilian"]
[ECO "B50"]
[Time "16:25:30"]
[TimeControl "2700+45"]

1. e4 c5 2. Nf3 d6 3. Bc4 Nf6 4. d3 g6 5. h3 Bg7 6. c3 Nc6 7. O-O d5 8. exd5
Nxd5 9. Bb3 O-O 10. Na3 Na5 11. Bc2 b6 12. Nb1 e5 13. Re1 Nc6 14. Nbd2 Bb7 15.
Nc4 Qc7 16. Ne3 Rad8 17. Nxd5 Rxd5 18. Qe2 Ba6 19. Bg5 Qd7 20. Rad1 Rd6 21. Qe3
f6 22. Bh4 Rd8 23. d4 cxd4 24. cxd4 Nxd4 25. Nxd4 exd4 26. Bb3+ Kh8 27. Qe7 Qxe7
28. Rxe7 R6d7 29. Re6 g5 30. Bg3 f5 31. Be5 d3 32. Rd2 f4 33. f3 Rc8 34. Kf2
Bxe5 35. Rxe5 Rc5 36. Re1 Kg7 37. Red1 Kf6 38. Re1 Bb7 39. Re6+ Kf5 40. Re1 Rd4
41. Be6+ Kf6 42. Bb3 Bd5 43. Bxd5 Rcxd5 44. Rc1 Rc5 45. Rcd1 Rc2 46. Ke1 Ke5 47.
Rxc2 dxc2 48. Rc1 Rc4 49. Kd2 Kd4 50. Ke2 a5 51. Kd2 b5 52. Ke2 b4 53. Kd2 a4
54. Ke2 b3 55. a3 Rc5 56. Kd2 Re5 57. Rh1 Re3 58. Rc1 Rd3+ 59. Ke2 Rd1 60. Rxd1+
cxd1=Q+ 61. Kxd1 Kd3 62. Ke1 Kc2 63. g3 fxg3 64. h4 gxh4 65. f4 Kxb2 66. f5 Kxa3
67. f6 b2 68. f7 b1=Q+ 69. Ke2 Qa2+ 70. Ke3 Qxf7 {White resigns} 0-1

[Event "Team 45 45 League T64"]
[Site "Internet Chess Club"]
[Date "2015.04.13"]
[Round "6"]
[White "fireball"]
[Black "Portola"]
[Result "1-0"]
[WhiteElo "1635"]
[BlackElo "1691"]
[Opening "French: Tarrasch"]
[ECO "C03"]
[Time "19:09:14"]
[TimeControl "2700+45"]

1. e4 e6 2. d4 d5 3. Nd2 dxe4 4. Nxe4 Be7 5. Nf3 Nd7 6. c4 Ngf6 7. Nxf6+ Nxf6 8.
Bd3 O-O 9. O-O c5 10. Bc2 b6 11. Qd3 Bb7 12. Re1 h6 13. Bf4 Bd6 14. Ne5 cxd4 15.
g4 g5 16. Bg3 Qe7 17. h4 Rad8 18. hxg5 hxg5 19. f4 Bxe5 20. fxe5 Ne4 21. Rxe4
Bxe4 22. Qxe4 f6 23. Rf1 f5 24. gxf5 Rxf5 25. Rxf5 exf5 26. Qxf5 Rf8 27. Qg6+
Qg7 28. Qxg7+ Kxg7 29. Kg2 Rc8 30. b3 Rf8 31. b4 Rd8 32. Bd3 Rf8 33. Bf2 Re8 34.
Bg3 Rf8 35. Be4 Rd8 36. Bd5 b5 37. e6 Kf6 38. Kf3 bxc4 39. Bxc4 Rc8 40. Bb3 Rc3+
41. Kf2 d3 42. Bd6 Rxb3 43. axb3 Kxe6 44. Bc5 a6 45. Ke3 d2 46. Kxd2 Ke5 47. Kd3
Kd5 48. Kc3 g4 49. Bf2 Kd6 50. Kc4 Kc6 51. Bg3 Kb6 52. Kd5 Kb5 53. Bd6 Kb6 54.
Kc4 Kc6 55. Bg3 Kb6 56. Bf2+ Kc6 57. Kd4 Kb5 58. Kc3 Kc6 59. Kc4 Kc7 60. Kc5 Kb7
61. b5 axb5 62. Kxb5 Kb8 63. Kb6 Ka8 64. b4 g3 65. Bc5 g2 66. b5 Kb8 67. Bg1 Ka8
68. Ka6 Kb8 69. b6 {Black resigns} 1-0

[Event "Team 45 45 League T64"]
[Site "Internet Chess Club"]
[Date "2015.04.12"]
[Round "6"]
[White "kabindra"]
[Black "Ajolote"]
[Result "1-0"]
[WhiteElo "1760"]
[BlackElo "1700"]
[Opening "Giuoco Piano"]
[ECO "C50"]
[Time "12:00:21"]
[TimeControl "2700+45"]

1. e4 e5 2. Nf3 Nc6 3. Bc4 Bc5 4. Qe2 d6 5. h3 Nf6 6. c3 O-O 7. b4 Bb6 8. a4 a6
9. d3 h6 10. O-O Bd7 11. Na3 Re8 12. Nc2 Ba7 13. Ne3 Ne7 14. Qa2 Rf8 15. Bd2 Qc8
16. Kh2 Be6 17. Nd5 Bxd5 18. exd5 Ng6 19. Be3 Qd7 20. Bb3 Rfe8 21. a5 Re7 22.
Bxa7 Rxa7 23. c4 e4 24. dxe4 Rxe4 25. Qd2 Ra8 26. Rac1 Rae8 27. Nd4 Nf4 28. Rce1
Rxe1 29. Rxe1 Rxe1 30. Qxe1 Kh7 31. Bc2+ Ng6 32. Bf5 Qd8 33. Qe2 h5 34. Qd3 Qe7
35. Bxg6+ fxg6 36. Ne6 Ne8 37. Qe3 Kg8 38. Qa7 c6 39. f3 cxd5 40. cxd5 Nf6 41.
Qb8+ Ne8 42. f4 Qd7 43. Nd8 Qc7 44. Qa8 b6 45. Ne6 Qd7 46. Qxa6 bxa5 47. Qxa5
Nf6 48. Qa8+ Qe8 49. Qxe8+ Nxe8 50. b5 {Black resigns} 1-0

[Event "Team 45 45 League T64"]
[Site "Internet Chess Club"]
[Date "2015.04.11"]
[Round "6"]
[White "freakypawn"]
[Black "deancorso1"]
[Result "0-1"]
[WhiteElo "1770"]
[BlackElo "1805"]
[Opening "Grünfeld: Spassky variation, main line, 10...cd, 11.cd"]
[ECO "D88"]
[Time "17:21:47"]
[TimeControl "2700+45"]

1. d4 Nf6 2. c4 g6 3. Nc3 d5 4. cxd5 Nxd5 5. e4 Nxc3 6. bxc3 Bg7 7. Bc4 c5 8.
Ne2 O-O 9. O-O Nc6 10. Be3 cxd4 11. cxd4 Bg4 12. f3 Bd7 13. Rb1 Rb8 14. Qd2 a6
15. Rfd1 b5 16. Bd3 Qa5 17. Qxa5 Nxa5 18. Rdc1 Rbc8 19. Bg5 Nc6 20. Be3 Rfd8 21.
a4 bxa4 22. Bxa6 Rb8 23. Bb5 Nxd4 24. Bxd4 Rxb5 {White resigns} 0-1

[Event "Team 45 45 League T64"]
[Site "Internet Chess Club"]
[Date "2015.04.12"]
[Round "6"]
[White "Axagus"]
[Black "fkramer"]
[Result "0-1"]
[WhiteElo "1716"]
[BlackElo "1764"]
[Opening "Dutch defense, Rubinstein variation"]
[ECO "A13"]
[Time "09:01:30"]
[TimeControl "2700+45"]

1. c4 e6 2. d4 f5 3. Nc3 Nf6 4. g3 d5 5. Bg2 c6 6. Bg5 Be7 7. Bxf6 Bxf6 8. cxd5
exd5 9. b4 a6 10. a4 Qb6 11. e3 Qxb4 12. Ne2 O-O 13. Rb1 Qe7 14. a5 Qc7 15. Qa4
Nd7 16. Nf4 Qd6 17. h4 Bd8 18. O-O Nf6 19. Nce2 Ne4 20. Rfc1 Rb8 21. Nd3 Bf6 22.
Nc3 Be7 23. Nc5 Nxc5 24. dxc5 Qf6 25. Ne2 Rd8 26. Qf4 Bd7 27. Qc7 Qf8 28. Rxb7
Rxb7 29. Qxb7 Bxc5 30. Bxd5+ cxd5 31. Qxd5+ Kh8 32. Qxc5 Qf6 33. Nd4 h6 34. Qb4
Qe5 35. Qb6 Rb8 36. Qxa6 Qd5 37. Qa7 Ra8 38. Qb6 Rxa5 39. Qd8+ Kh7 40. Qb6 Ra2
41. Qb3 Qa5 42. Qc3 Qa8 43. Qd3 Ra3 44. Qc2 Qa5 45. Qc7 Qd5 46. Qf4 Ra4 47. Qf3
Rxd4 48. Qxd5 Rxd5 49. Re1 Bc6 50. Kh2 Rd2 51. Kg1 Bf3 52. Kf1 Kg6 53. Rc1 Kf6
54. Rc6+ Bxc6 {White resigns} 0-1

[Event "Team 45 45 League T64"]
[Site "Internet Chess Club"]
[Date "2015.04.12"]
[Round "6"]
[White "OzymandiasVII"]
[Black "drbishop"]
[Result "1-0"]
[WhiteElo "1707"]
[BlackElo "1719"]
[Opening "Queen's pawn game, Darooha variation "]
[ECO "D02"]
[Time "17:04:27"]
[TimeControl "2700+45"]

1. d4 Nf6 2. Nf3 d5 3. g3 e6 4. Bg2 Be7 5. O-O O-O 6. a3 Nbd7 7. Re1 c5 8. e3
Ne4 9. c3 b6 10. Nbd2 Ndf6 11. Ne5 Bb7 12. f3 Nd6 13. Qc2 Rc8 14. Qd1 Ba6 15. e4
cxd4 16. cxd4 Qc7 17. exd5 Nxd5 18. Ne4 Nc4 19. Bf1 Rfd8 20. Qa4 Nxe5 21. Bxa6
Nxf3+ 22. Kf1 Nxe1 23. Bxc8 Nc2 24. Rb1 Rxc8 25. Bd2 Nce3+ 26. Kf2 Qc2 27. Qxc2
Rxc2 28. Ke2 Nf5 29. Kd3 Rc8 30. Bc3 Nxc3 31. bxc3 Nd6 32. Nd2 f6 33. Re1 Kf7
34. g4 h6 35. a4 Nc4 36. Nxc4 Rd8 37. Rf1 e5 38. Nxe5+ Ke6 39. Nc6 Rd7 40. c4
Ba3 41. Re1+ Kd6 42. d5 Kc5 43. Re6 Bb2 44. Nb8 Rxd5+ 45. cxd5 Kxd5 46. Re7 Be5
47. Rxg7 Bxb8 48. Rb7 Bxh2 49. Rxa7 Be5 50. Rd7+ Kc5 51. Rh7 Kb4 52. Ra7 Kc5 53.
Ke4 Kb4 54. Rb7 Kc5 55. Kf5 Kc6 56. Rh7 Kc5 57. Kg6 Kb4 58. Rb7 Bd4 59. Ra7 b5
60. Rd7 Be5 61. axb5 Kxb5 62. Kxh6 Kc6 63. Rf7 Kd5 64. Kg6 Ke6 65. Ra7 Bd4 66.
Ra6+ Ke7 67. Kf5 Be5 68. Re6+ Kf7 69. g5 Bb2 70. g6+ Kf8 71. Rb6 Bd4 72. Rb7 Bc3
73. g7+ Kg8 74. Kg6 Be5 75. Re7 Bd6 76. Re8+ {Black resigns} 1-0